 Dungeon Crawl Stone Soup version 0.30-a0-840-ga523dec638 (webtiles) character file.

Game seed: 16509702121891568889

987 cforsyth the Covert (level 8, -1/75 HPs)
             Began as a Kobold Brigand on Mar 2, 2023.
             Was an Initiate of Hepliaklqana.
             Killed from afar by Blork the orc (9 damage)
             ... with a magic dart
             ... on level 5 of the Dungeon.
             The game lasted 00:05:06 (3835 turns).

cforsyth the Covert (Kobold Brigand)                Turns: 3835, Time: 00:05:07

Health: -1/75      AC: 24    Str:  9    XL:     8   Next: 41%
Magic:  8/8        EV:  3    Int: 12    God:    Hepliaklqana [......]
Gold:   255        SH:  0    Dex: 18    Spells: 7/7 levels left

rFire   . . .      SeeInvis .    a - +3 dagger (heavy)
rCold   . . .      Faith    .    (no shield)
rNeg    . . .      Spirit   .    (body armour currently unavailable)
rPois   +          Reflect  .    (helmet currently unavailable)
rElec   .          Harm     .    (cloak currently unavailable)
rCorr   .          Rampage  .    (gloves currently unavailable)
Will    .....      NoTele   +    (boots currently unavailable)
Stlth   +++++                    (no amulet)
HPRegen 0.32/turn                (no ring)
MPRegen 0.11/turn                (no ring)

@: lethally poisoned (-1 -> -17), tree-form, weak-willed
A: stationary, stasis, torment immunity, boosted hp, small, no large weapons,
nightstalker 3
a: Renounce Religion


You were on level 5 of the Dungeon.
You worshipped Hepliaklqana.
Hepliaklqana was noncommittal.
You were a tree.
You visited 2 branches of the dungeon, and saw 7 of its levels.

You collected 255 gold pieces.

Inventory:

Hand Weapons
 a - a +3 heavy dagger (weapon)
Missiles
 d - 16 poisoned darts (quivered)
 e - 8 curare-tipped darts
 p - 2 throwing nets
Armour
 b - a +0 robe
 c - a +0 cloak (melded)
 g - a +2 helmet (melded)
 t - the +6 scale mail of Atheism (melded) {-Cast Dex+4 Slay+5 SInv}
   (You found it on level 3 of the Dungeon)

   Dex:       It affects your dexterity (+4).
   Slay:      It affects your accuracy & damage with ranged weapons and melee
   (+5).
   SInv:      It lets you see invisible.
   -Cast:     It prevents spellcasting.
Jewellery
 v - an amulet of the acrobat
Wands
 x - a wand of flame (3)
Scrolls
 h - 4 scrolls of identify
 k - a scroll of noise
 m - a scroll of acquirement
 n - 3 scrolls of enchant armour
 q - a scroll of enchant weapon
 u - a scroll of brand weapon
 D - a scroll of silence {unknown}
Potions
 f - 3 potions of haste
 i - a potion of cancellation {unknown}
 j - a potion of flight {unknown}
 o - a potion of brilliance {unknown}
 s - a potion of lignification
 z - a potion of ambrosia {unknown}
 A - a potion of mutation {unknown}
 C - a potion of attraction {unknown}


   Skills:
 + Level 5.4 Fighting
 + Level 6.5 Short Blades
 - Level 2.1 Throwing
 + Level 5.5 Dodging
 + Level 8.4 Stealth


You had 7 spell levels left.
You didn't know any spells.
Your spell library contained the following spells:

 Spells                   Type           Power      Damage    Failure   Level
 Sublimation of Blood     Necr           0%         N/A       45%         2
 Wereblood                Tmut           0%         N/A       45%         2
 Portal Projectile        Hex/Tloc       0%         N/A       69%         3
 Spider Form              Tmut/Pois      0%         N/A       69%         3
 Tukima's Dance           Hex            0%         N/A       69%         3
 Animate Dead             Necr           0%         N/A       97%         4
 Agony                    Necr           0%         N/A       100%        5
 Blade Hands              Tmut           0%         N/A       100%        5
 Borgnjor's Vile Clutch   Necr/Erth      0%         N/A       100%        5
 Death Channel            Necr           0%         N/A       100%        6
 Summon Hydra             Summ           0%         N/A       100%        7


Dungeon Overview and Level Annotations

Branches:
Dungeon (6/15)             Temple (1/1) D:5

Altars:
Ashenzari
Cheibriados
Elyvilon
Gozag
Hepliaklqana
Kikubaaqudgha
Makhleb
Nemelex Xobeh
Okawaru
Qazlal
Uskayaw
Vehumet
Xom
The Shining One

Shops:
D:1 :

Annotations:
D:5 Blork the orc


Innate Abilities, Weirdness & Mutations

You are a tree.
Your roots penetrate the ground, keeping you stationary.
You cannot be teleported.
You are immune to unholy pain and torment.
Your maximum health is greatly increased.
Your equipment is partially melded.
You are small and have problems with some larger weapons.
You are completely attuned to the shadows.


Message History

You are poisoned.
The orc hits you with a +0 dagger.
* * * LOW HITPOINT WARNING * * *
As you read the scroll labelled BOHIEM LUFUYMNOS, it crumbles to dust.
You feel strangely unstable.
It was a scroll of teleportation.
You feel sick.
Blork the orc hits you but does no damage.
You are lethally poisoned!
The orc hits you but does no damage.
Blork the orc hits you but does no damage.
You are more poisoned.
You feel better.
Blork the orc hits you but does no damage.
You are poisoned.
The orc hits you with a +0 dagger.
* * * LOW HITPOINT WARNING * * *
It was a potion of lignification.
You turn into a tree.
Your +0 cloak melds into your body.
Your +2 helmet melds into your body.
The +6 scale mail of Atheism {-Cast Dex+4 Slay+5 SInv} melds into your body.
Your roots penetrate the ground.
You feel strangely stable.
You feel very sick.
Blork the orc hits you with a +1 short sword of venom.
* * * LOW HITPOINT WARNING * * *
Blork the orc hits you but does no damage.
You are more poisoned.
The orc hits you but does no damage.
You cannot move.
You hit Blork the orc.
Blork the orc is severely wounded.
* * * LOW HITPOINT WARNING * * *
You feel very sick.
Blork the orc hits you but does no damage.
You are lethally poisoned!
The orc hits you but does no damage.
You hit Blork the orc.
Blork the orc is almost dead.
* * * LOW HITPOINT WARNING * * *
You feel very sick.
Blork the orc gestures at you while chanting.
The magic dart hits you!
You die...

*#.# #...# #.5.*
#........... #.###...#
#5..* #######.####
##.#(....####**#...***
#.####
#.......o...#*..,,,,,*
#.....
#.####.####.##.#*.#..*
#..### #.# #○# #.##.##.#..*
#..### o.# *#§#*
#.)#...§§.,* #.....
#.#**###**#.).§##§#,,*
##.###
#..°,*8*,.....§o♣§#,,******
#.###
#.###***###.##§o§§§..,,,,,*
#.... #.# **,**
#.*#..#§#.#****,* ##### *,*
*,* #,........# *,****
*,****,****,.##.#.#.*
*,,,,*
*,,,,,,,,,,,***,*,*,*
*,**,* **,,,,,,,,,**
*,*,*,*****,**,*
*******,***
*,,,,,,,,,,,**,* **,,*
*,,,,,********,*


You could see Blork the orc (fast, weak-willed) and an orc (weak-willed).

Vanquished Creatures
  Pikel (D:5)
  An ice beast (D:5)
  2 scorpions (D:4)
  2 jellies
  2 hounds (D:6)
  2 orc wizards (D:5)
  5 adders
  A shadow imp (D:5)
  A worm (D:3)
  4 dart slugs
  2 orcs
  5 ball pythons
  8 endoplasms
  2 giant cockroaches (D:1)
  7 goblins
  4 hobgoblins
  3 jackals (D:2)
  2 quokkas
  2 bats
  4 frilled lizards
  6 kobolds
  11 rats
77 creatures vanquished.

Vanquished Creatures (others)
  An orc priest (D:5)
  A shadow imp (D:5)
  3 orcs (D:5)
5 creatures vanquished.

Grand Total: 82 creatures vanquished

Notes
Turn   | Place    | Note
-------+----------+-------------------------------------------
     0 | D:1      | cforsyth the Kobold Brigand began the quest for the Orb.
     0 | D:1      | Reached XP level 1. HP: 12/12 MP: 1/1
    69 | D:1      | Reached XP level 2. HP: 16/18 MP: 2/2
   130 | D:1      | Found a faded altar of an unknown god.
   217 | D:1      | Found Alai's Book Shoppe.
   310 | D:1      | Reached XP level 3. HP: 22/22 MP: 3/3
   654 | D:2      | Reached XP level 4. HP: 27/27 MP: 4/4
   968 | D:2      | Reached skill level 6 in Stealth
  1282 | D:3      | Identified the +6 scale mail of Atheism {-Cast Dex+4 Slay+5
                  | SInv}
  1718 | D:3      | Reached XP level 5. HP: 32/32 MP: 5/5
  2081 | D:4      | Reached XP level 6. HP: 38/38 MP: 6/6
  2386 | D:4      | Got the Compendium of the Horrible Snake
  2641 | D:5      | Entered Level 5 of the Dungeon
  2722 | D:5      | Found a staircase to the Ecumenical Temple.
  2804 | Temple   | Entered the Ecumenical Temple
  2825 | Temple   | Became a worshipper of Hepliaklqana the Forgotten
  2952 | D:5      | Noticed Pikel
  3228 | D:5      | Killed Pikel
  3229 | D:5      | Reached skill level 5 in Fighting
  3229 | D:5      | Reached skill level 5 in Dodging
  3229 | D:5      | Reached skill level 8 in Stealth
  3229 | D:5      | Reached XP level 7. HP: 19/44 MP: 7/7
  3229 | D:5      | Reached XP level 8. HP: 21/49 MP: 8/8
  3771 | D:5      | Noticed Blork the orc
  3827 | D:5      | Identified a scroll of acquirement
  3835 | D:5      | Killed from afar by Blork the orc

Illustrated notes

Levels and vault maps discovered:
D:1:      psy_arrival_terrarium, layout_basic, serial_shops, shop_statue,
          hellmonk_ecumenical_altar_defaced_shrine, hangedman_decor_points
D:2:      layout_rooms
D:3:      layout_loops_ring, minmay_tree_intersection
D:4:      layout_loops_ring
D:5:      layout_loops_cross, temple_statues, minivault_23,
          lemuel_flamethrower_2, uniq_edmund, uniq_pikel, uniq_blork_the_orc
D:6:      layout_cave_pods, gammafunk_temple_overflow_claw, uniq_sigmund
Temple:   jpeg_temple_clearing

Skill      XL: |  1  2  3  4  5  6 |
---------------+-------------------+-----
Short Blades   | 3 4 6 |  6.5
Dodging        | 2 3 5 |  5.5
Fighting       | 3 5 |  5.4
Stealth        | 6 8 |  8.4
Throwing       | |  2.1

Action                     |  1- 3 |  4- 6 |  7- 9 || total
---------------------------+-------+-------+-------++-------
  Melee: Dagger            |    77 |   106 |    38 ||   221
         Punch             |       |     1 |     1 ||     2
    Use: Potion            |       |     2 |     2 ||     4
         Scroll            |       |       |     9 ||     9
   Stab: Sleeping          |    13 |    13 |       ||    26
         Distracted        |       |     1 |       ||     1
 Armour: Robe              |    19 |     8 |       ||    27
         Scale mail        |       |    27 |    23 ||    50
         Skin              |       |       |     4 ||     4
  Dodge: Dodged            |    31 |    88 |    25 ||   144

Table legend: (Time is in decaauts)
 A = Elapsed time spent in this place.
 B = Non-inter-level travel time spent in this place.
 C = Inter-level travel time spent in this place.
 D = Time resting spent in this place.
 E = Time spent auto-exploring this place.
 F = Levels seen in this place.
 G = Mean time per level.
                   A        B        C        D        E       F      G
               +--------+--------+--------+--------+--------+-----+--------+
         Total |   3769 |   3617 |    152 |    449 |   2543 |   7 |  538.4 |
       Dungeon |   3682 |   3535 |    147 |    449 |   2480 |   6 |  613.7 |
        Temple |     86 |     81 |      5 |      0 |     63 |   1 |   86.0 |
               +--------+--------+--------+--------+--------+-----+--------+

Top non-repeatable levels by time:
     D:3: 856 daAuts
     D:5: 852 daAuts
     D:4: 642 daAuts
     D:2: 599 daAuts
     D:1: 512 daAuts
     D:6: 218 daAuts
  Temple: 86 daAuts
